cohdb
Replays
Latest Replays
All Replays
Popular Replays
Top Player Replays
Match Explorer
How It Works
Community
CoH3 Stats
Reddit
Sign in to upload your games and track your stats! →
Sign in with Steam
Match 40308404
Unlisted
Match 40308404
Overview
Messages
Build Orders
End
Kradschützen Motorcycle Team
Panzergrenadier Squad
Panzergrenadier Squad
250 Light Carrier
Panzergrenadier Squad
Construct Light Support Kompanie
Construct Mechanized Kompanie
8 Rad Armored Car
Vehicle Survival Package
Tungsten Core Ammunition
Veteran Squad Leaders
2.5-tonne Medical Truck
Selects Panzerjäger Kommand Battlegroup
Selects Tank Busters
Selects Mine Fields
Selects Early Warning
Early Warning
254 Reconnaissance Tractor
Selects Butterfly Bomb Drop
Butterfly Bomb Drop
Construct Panzerarmee Kommand
Assault Mechanized Group
Walking Stuka Rocket Launcher
Selects Crew Shock Tactics
Marder III Tank Destroyer
Marder III Tank Destroyer
Der schöne Bob
ブリツア
Der Fuerst
Opuds8
jakem1018
Deadlych910
0
0
Comments
sign in to comment!
No comments posted yet!